 Dungeon Crawl Stone Soup version 0.21.1-68-g103a7afc0a (webtiles) character file.

449 SacredBeard the Poker (level 6, -2/48 HPs)
             Began as a Demonspawn Gladiator on Aug 3, 2018.
             Was an Initiate of Trog.
             Succumbed to imnir's ghost's poison
             ... on level 5 of the Dungeon.
             The game lasted 00:24:25 (3664 turns).

SacredBeard the Poker (Demonspawn Gladiator)        Turns: 3664, Time: 00:24:25

Health: -2/48      AC: 13    Str: 16    XL:     6   Next: 74%
Magic:  15/15      EV:  6    Int:  9    God:    Trog [......]
Gold:   195        SH:  0    Dex: 15    Spells: 5/5 levels left

rFire    . . .     SeeInvis .   a - +0 trident
rCold    . . .     Gourm    .   (no shield)
rNeg     . . .     Faith    .   i - +0 chain mail
rPois    .         Spirit   .   c - +0 helmet
rElec    .         Reflect  .   (no cloak)
rCorr    .         Harm     .   j - +0 pair of gloves
MR       +....                  (no boots)
Stlth    ..........             o - amulet of regeneration
HPRegen  0.56/turn              r - ring of protection from magic
MPRegen  0.14/turn              u - ring of magical power

@: lethally poisoned (-2 -> -28), very heavily drained
A: molten scales 2
a: Burn Spellbooks, Renounce Religion


You were on level 5 of the Dungeon.
You worshipped Trog.
Trog was noncommittal.
You were not hungry.

You visited 2 branches of the dungeon, and saw 6 of its levels.

You collected 195 gold pieces.

Inventory:

Hand Weapons
 a - a +0 trident (weapon)
Missiles
 d - 3 throwing nets
 t - 90 stones (quivered)
Armour
 c - a +0 helmet (worn)
 i - a +0 chain mail (worn)
 j - a +0 pair of gloves (worn)
Jewellery
 o - an amulet of regeneration (around neck)
 r - a ring of protection from magic (left hand)
 s - an uncursed ring of protection from magic
 u - a ring of magical power (right hand)
Scrolls
 b - 2 scrolls of amnesia {unknown}
 e - a scroll of random uselessness {unknown}
 h - 4 scrolls of identify {unknown}
 n - 6 scrolls of remove curse {unknown}
 q - a scroll of magic mapping {unknown}
 v - 2 scrolls of immolation {unknown}
Potions
 g - a potion of berserk rage {unknown}
 k - 2 potions of heal wounds {unknown}
 l - a potion of flight {unknown}
 m - a potion of curing
 p - a potion of haste {unknown}
 w - a potion of might {unknown}
 x - a potion of mutation {unknown}
 z - a potion of degeneration {unknown}
Comestibles
 f - 6 rations


   Skills:
 * Level 3.9(0.0) Fighting
 + Level 4.6(0.0) Polearms
 + Level 1.9(0.0) Throwing
 + Level 1.9(0.0) Armour
 * Level 4.3(0.0) Dodging
 + Level 0.1(0.0) Stealth


You had 5 spell levels left.
You didn't know any spells.

Dungeon Overview and Level Annotations

Branches:
Dungeon (5/15)             Temple (1/1) D:4

Altars:
Ashenzari
Cheibriados
Dithmenos
Elyvilon
Gozag
Hepliaklqana
Kikubaaqudgha
Makhleb
Nemelex Xobeh
Okawaru
Qazlal
Ru
Sif Muna
Trog
Uskayaw
Vehumet
Wu Jian
Xom
Yredelemnul
Zin
The Shining One

Annotations:
D:4 Dowan; Duvessa; Menkaure
D:5 imnir's ghost, novice SpAs


Innate Abilities, Weirdness & Mutations

You are mostly covered in molten scales. (AC +3)


Message History

The howler monkey hoots and howls with incredible vigour!
Imnir's ghost hits you.
* * * LOW HITPOINT WARNING * * *
You are more poisoned.
The centaur shoots an arrow.
The arrow hits you but does no damage.
You hear a shout!
You hear a bark!
Your chain mail prevents you from hitting imnir's ghost.
* * * LOW HITPOINT WARNING * * *
You feel very sick.
The centaur shoots an arrow.
The arrow hits you.
* * * LOW HITPOINT WARNING * * *
The arrow freezes you.
* * * LOW HITPOINT WARNING * * *
Imnir's ghost hits you but does no damage.
The centaur shoots an arrow.
The arrow closely misses you.
The arrow closely misses imnir's ghost.
Imnir's ghost hits you.
* * * LOW HITPOINT WARNING * * *
You are more poisoned.
You barely miss imnir's ghost.
You die...

## .# ##. ..### .
.... ... ..#
.|)..#####5.###
....c....@W(..#
...$#######...h..
. .#... # #


You could see a centaur, a howler monkey, imnir's ghost and a shadow imp.

Vanquished Creatures
  A bullfrog (D:4)
  A scorpion (Temple)
  3 worker ants (D:4)
  Natasha (thrice) (D:2)
  9 adders
  3 dart slugs
  4 worms
  5 leopard geckos
  An orc (D:4)
  2 ball pythons (D:1)
  5 giant cockroaches
  10 goblins
  6 hobgoblins
  8 jackals
  A quokka (D:2)
  7 bats
  7 frilled lizards
  7 kobolds
  11 rats
94 creatures vanquished.

Notes
Turn   | Place    | Note
-------+----------+-------------------------------------------
     0 | D:1      | SacredBeard the Demonspawn Gladiator began the quest for the Orb.
     0 | D:1      | Reached XP level 1. HP: 16/16 MP: 1/1
   190 | D:1      | Gained mutation: You are partially covered in molten scales. (AC +2) [demonic ancestry]
   190 | D:1      | Reached XP level 2. HP: 17/22 MP: 2/2
   617 | D:2      | Reached XP level 3. HP: 27/27 MP: 3/3
   945 | D:2      | Reached XP level 4. HP: 31/34 MP: 4/4
  1249 | D:2      | Noticed Natasha
  1257 | D:2      | Killed Natasha
  1257 | D:2      | Reached skill level 1 in Armour
  1297 | D:2      | Noticed Natasha
  1309 | D:2      | Killed Natasha
  1342 | D:2      | Gained mutation: You are mostly covered in molten scales. (AC +3) [demonic ancestry]
  1342 | D:2      | Reached XP level 5. HP: 40/40 MP: 5/5
  1498 | D:2      | Noticed Natasha
  1513 | D:2      | Killed Natasha
  2706 | D:4      | Reached XP level 6. HP: 45/48 MP: 6/6
  2824 | D:4      | Noticed Duvessa
  2831 | D:5      | Entered Level 5 of the Dungeon
  2833 | D:5      | Noticed imnir's ghost (novice SpAs)
  2866 | D:4      | Noticed Dowan
  3036 | D:4      | Found a staircase to the Ecumenical Temple.
  3049 | Temple   | Entered the Ecumenical Temple
  3399 | Temple   | Became a worshipper of Trog the Wrathful
  3423 | D:4      | Noticed Menkaure
  3663 | D:5      | HP: 1/48 [imnir's ghost (3)]
  3664 | D:5      | Succumbed to imnir's ghost's poison

Skill      XL: |  1  2  3  4  5 |
---------------+----------------+-----
Dodging        | 3 4 |  4.3
Polearms       | 3 4 |  4.6
Armour         | 1 |  1.9
Fighting       | 3 |  3.9
Throwing       | |  1.9
Stealth        | |  0.1

Action                   |  1- 3 |  4- 6 || total
-------------------------+-------+-------++-------
Melee: Trident           |   178 |   285 ||   463
Throw: Stone             |       |     2 ||     2
  Use: Potion            |       |     2 ||     2
  Eat: Chunk             |     1 |     6 ||     7
       Ration            |       |     1 ||     1
Armor: Chain mail        |   140 |   199 ||   339
       Leather armour    |     3 |       ||     3
Dodge: Dodged            |    77 |   132 ||   209
